 Dungeon Crawl Stone Soup version 0.29-a0-557-g43b9904bd1 (webtiles) character file.

Game seed: 1064931517987077892

1509 Hubjo the Changer (level 8, -4/79 (94) HPs)
             Began as a Demonspawn Transmuter on June 8, 2022.
             Was a High Priest of Jiyva.
             Slain by a wight
             ... wielding a +0 battleaxe
              (14 damage)
             ... on level 6 of the Dungeon.
             The game lasted 00:09:28 (5632 turns).

Hubjo the Changer (Demonspawn Transmuter)           Turns: 5632, Time: 00:09:29

HP:   -4/79 (94)    AC:  7    Str: 10    XL:     8   Next: 53%
MP:   11/14         EV: 10    Int: 16    God:    Jiyva [*****.]
Gold: 158           SH:  4    Dex: 15    Spells: 10/15 levels left

rFire   x . .      SeeInvis +     - Unarmed
rCold   + + +      Faith    .   (shield currently unavailable)
rNeg    . . .      Spirit   .   (body armour currently unavailable)
rPois   +          Reflect  .   (helmet currently unavailable)
rElec   .          Harm     .   (cloak currently unavailable)
rCorr   +          Rampage  .   (gloves currently unavailable)
Will    .....                   (boots currently unavailable)
Stlth   +++.......              o - amulet of regeneration
HPRegen 2.47/turn               n - ring of see invisible
MPRegen 0.59/turn               e - ring of protection from cold

@: ice-form, very slightly contaminated, heavily drained
A: freezing attack, amphibious, boosted hp, large, condensation shield, robust
3, (gelatinous body 3), (jelly absorbing missiles), (engulf)
a: End Transformation, Renounce Religion, Oozemancy, Slimify


You were on level 6 of the Dungeon.
You worshipped Jiyva.
Jiyva was extremely pleased with you.
You were a creature of crystalline ice.
You visited 1 branch of the dungeon, and saw 6 of its levels.
You also visited: Sewer.

You collected 158 gold pieces.

Inventory:

Missiles
 p - 2 throwing nets
Armour
 a - a +0 robe
 d - a +2 cloak (melded)
 v - the +1 robe "Jagoceh" (melded) {Int+2 Dex+2}
   (You found it on level 4 of the Dungeon)

   Int:       It affects your intelligence (+2).
   Dex:       It affects your dexterity (+2).
Jewellery
 e - a ring of protection from cold (right front paw)
 n - a ring of see invisible (left front paw)
 o - an amulet of regeneration (around neck)
 r - a ring of willpower
 A - an amulet of the acrobat
Wands
 s - a wand of acid (6)
 y - a wand of digging (7)
Scrolls
 h - 3 scrolls of vulnerability
 i - 2 scrolls of amnesia
 j - 2 scrolls of teleportation
 k - 2 scrolls of enchant weapon
 l - a scroll of fog {unknown}
 q - a scroll of torment {unknown}
 t - a scroll of enchant armour {unknown}
 w - a scroll of summoning {unknown}
 z - a scroll of identify
Potions
 b - a potion of lignification
 c - 2 potions of flight
 f - a potion of curing
 g - 2 potions of degeneration
 m - a potion of heal wounds
 u - a potion of attraction {unknown}
 x - 2 potions of brilliance {unknown}


   Skills:
 + Level 4.7 Fighting
 - Level 1.7 Dodging
 + Level 3.8 Stealth
 + Level 4.5 Unarmed Combat
 + Level 4.2 Spellcasting
 * Level 5.2 Transmutations
 + Level 2.7 Ice Magic


You had 10 spell levels left.
You knew the following spells:

 Your Spells              Type           Power      Damage    Failure   Level
a - Beastly Appendage     Tmut           40%        N/A       1%          1
b - Ice Form              Ice/Tmut       16%        N/A       32%         4

Your spell library contained the following spells:

 Spells                   Type           Power      Damage    Failure   Level
 Wereblood                Tmut           20%        N/A       3%          2
 Apportation              Tloc           6%         N/A       17%         1
 Necrotize                Necr           12%        1d4       17%         1
 Summon Small Mammal      Summ           12%        N/A       17%         1
 Spider Form              Tmut/Pois      11%        N/A       17%         3
 Fulminant Prism          Conj/Hex       1%         3d6       86%         4
 Iskenderun's Mystic Bla  Conj/Tloc      3%         2d3       86%         4
 Lee's Rapid Deconstruct  Erth           1%         3d5*      99%         5


Dungeon Overview and Level Annotations

Branches:
Dungeon (6/15)             Temple (0/1) D:6           Sewer (visited)

Altars:
Jiyva

Shops:
D:3 (   D:5 :


Innate Abilities, Weirdness & Mutations

You are a creature of crystalline ice.
You have a powerful freezing melee attack.
You are amphibious.
Your maximum health is increased.
Your armour is entirely melded.
You are incapable of wielding weapons or throwing items.
A meltable shield of frost defends you. (SH +4)
You are extremely robust. (+30% HP)
((Your gelatinous body deflects attacks. (AC +3, EV +3)))
((You have a small jelly attached to you that may absorb projectiles.))
((Your melee attacks may engulf your foes in ooze.))


Message History

Casting: Ice Form (dangerous; 28% risk of failure)
Confirm with . or Enter, or press ? or * to list all spells.
Your horns disappear.
Your talons disappear.
You turn into a creature of crystalline ice.
Your +2 cloak melds into your body.
The +1 robe "Jagoceh" {Int+2 Dex+2} melds into your body.
You block the wight's attack.
The wight hits you with a +3 long sword!
* * * LOW HITPOINT WARNING * * *
You feel drained.
* * * LOW HITPOINT WARNING * * *
The wight barely misses you.
You punch the wight!
You destroy the wight!
The wight misses you. The wight barely misses you.
You hit the wight but do no damage. The wight barely misses you.
The wight hits you with a +0 battleaxe!
* * * LOW HITPOINT WARNING * * *
You feel drained.
* * * LOW HITPOINT WARNING * * *
You hit the wight but do no damage. You block the wight's attack.
The wight barely misses you.
You hit the wight.
The wight is moderately damaged.
The wight hits you with a +0 mace.
* * * LOW HITPOINT WARNING * * *
The wight barely misses you.
You hit the wight.
The wight is severely damaged.
You hit the wight.
The wight is almost destroyed.
The wight hits you with a +0 mace.
* * * LOW HITPOINT WARNING * * *
The wight barely misses you.
You barely miss the wight.
The wight is almost destroyed.
The wight hits you with a +0 mace.
* * * LOW HITPOINT WARNING * * *
The wight hits you with a +0 battleaxe!
You die...

#............#
###.##......##.#########
....##.#######..........
######.# ###..###### #.#
#).# #.# #..# #.# #..#
#.# #..# # #.# #Yz# #
#.# #)z# # #.# #..# #
#.# #... # #.# #....
######.# ###... .......#
#### ########


You could see 2 wights.

Vanquished Creatures
  Sigmund (D:2)
  A black bear (D:6)
  An ogre (D:5)
  A kobold brigand (Sewer)
  2 phantoms
  A necrophage (D:3)
  11 wights (D:6)
  An orc priest (D:5)
  6 hounds
  3 iguanas
  3 orc wizards
  8 adders
  A worm (D:5)
  A dart slug (D:5)
  15 orcs
  9 ball pythons
  5 bats
  2 endoplasms (D:1)
  2 giant cockroaches (D:1)
  7 goblins
  7 hobgoblins
  2 jackals (Sewer)
  9 kobolds
  4 quokkas
  2 frilled lizards
  7 rats
112 creatures vanquished.

Vanquished Creatures (others)
  A hound (D:6)
  4 jellies
  An orc wizard (D:4)
  An adder (D:4)
  A worm (D:5)
  A dart slug (D:5)
  3 ball pythons (D:2)
  4 endoplasms
  A giant cockroach (D:2)
  2 kobolds
  A quokka (D:2)
  A bat (D:2)
  3 goblins
24 creatures vanquished.

Grand Total: 136 creatures vanquished

Notes
Turn   | Place    | Note
-------+----------+-------------------------------------------
     0 | D:1      | Hubjo the Demonspawn Transmuter began the quest for the
                  | Orb.
     0 | D:1      | Reached XP level 1. HP: 15/15 MP: 3/3
   333 | D:1      | Gained mutation: A meltable shield of frost defends you.
                  | (SH +4) [demonic ancestry]
   333 | D:1      | Reached XP level 2. HP: 17/21 MP: 3/5
   410 | D:1      | Reached skill level 2 in Transmutations
   680 | D:1      | Found a faded altar of an unknown god.
   696 | D:1      | Prayed at the altar of an unknown god.
   696 | D:1      | Became a worshipper of Jiyva Jepn the Shapeless
   696 | D:1      | Reached * piety under Jiyva
   942 | D:2      | Reached XP level 3. HP: 23/27 MP: 6/6
   971 | D:2      | Reached skill level 1 in Stealth
  1053 | D:2      | Reached ** piety under Jiyva
  1384 | D:2      | Noticed Sigmund
  1425 | D:2      | Killed Sigmund
  1426 | D:2      | Reached XP level 4. HP: 16/35 MP: 6/8
  1426 | D:2      | Reached XP level 5. HP: 19/41 MP: 6/9
  1933 | D:3      | Reached *** piety under Jiyva
  1933 | D:3      | Gained mutation: You are robust. (+10% HP) [Jiyva's grace]
  1933 | D:3      | Gained mutation: You are very robust. (+20% HP) [Jiyva's
                  | grace]
  1933 | D:3      | Gained mutation: You are extremely robust. (+30% HP)
                  | [Jiyva's grace]
  1933 | D:3      | Gained mutation: Your melee attacks may engulf your foes in
                  | ooze. [Jiyva's grace]
  2108 | D:3      | Found Hyskuph's Antique Weapon Shoppe.
  2158 | D:3      | Learned a level 4 spell: Ice Form
  2633 | D:4      | Reached XP level 6. HP: 58/61 MP: 10/10
  2802 | D:4      | Reached skill level 3 in Transmutations
  2907 | D:4      | Reached **** piety under Jiyva
  2975 | D:4      | Reached skill level 1 in Ice Magic
  3213 | D:4      | Identified the +1 robe "Jagoceh" {Int+2 Dex+2}
  3793 | D:5      | Entered Level 5 of the Dungeon
  3809 | D:5      | HP: 3/62 [ogre/+0 giant club (32)]
  3817 | D:5      | HP: 1/62 [ogre/+0 giant club (19)]
  3821 | D:5      | Reached XP level 7. HP: 11/68 MP: 10/12
  4145 | D:5      | Found a glowing drain.
  4162 | Sewer    | Entered a sewer
  4418 | D:5      | Reached skill level 4 in Transmutations
  4521 | D:5      | Reached ***** piety under Jiyva
  4788 | D:5      | Gained mutation: Your rubbery body absorbs attacks. (AC +1,
                  | EV +1) [Jiyva's grace]
  4788 | D:5      | Gained mutation: Your pliable body absorbs attacks. (AC +2,
                  | EV +2) [Jiyva's grace]
  4788 | D:5      | Gained mutation: Your gelatinous body deflects attacks. (AC
                  | +3, EV +3) [Jiyva's grace]
  4788 | D:5      | Gained mutation: You have a small jelly attached to you
                  | that may absorb projectiles. [Jiyva's grace]
  4805 | D:5      | Found Adys's Book Shop.
  5157 | D:6      | Found a staircase to the Ecumenical Temple.
  5269 | D:6      | Reached XP level 8. HP: 75/78 MP: 13/13
  5351 | D:6      | Reached skill level 5 in Transmutations
  5632 | D:6      | Slain by a wight

Illustrated notes

Levels and vault maps discovered:
D:1:      minmay_arrival_five_plusses, layout_basic,
          shapermc_ecumenical_altar_notcrosses
D:2:      layout_loops_corners, minmay_statues_item, hangedman_feature_mirror,
          hangedman_decor_clover_reticule, minmay_tiny_reverse_x, uniq_sigmund
D:3:      layout_basic, serial_shops, shop, minmay_randomly_rotated_circles
D:4:      layout_basic, kennysheep_nondescript
D:5:      layout_basic, serial_shops, shop, cheibrodos_sewer_entry_bend,
          corexii_leaking_fountain
D:6:      layout_loops_ring, kiku_gazebo_pond_becter,
          minmay_temple_entry_enclosed_plants, hex_large

Skill      XL: |  1  2  3  4  5  6  7  8 |
---------------+-------------------------+-----
Transmutations | 2 3 4 5 |  5.2
Fighting       | 3 4 |  4.7
Stealth        | 1 2 3 |  3.8
Unarmed Combat | 3 4 |  4.5
Spellcasting   | 3 4 |  4.2
Ice Magic      | 1 2 |  2.7
Dodging        | |  1.7

Action                   |  1- 3 |  4- 6 |  7- 9 || total
-------------------------+-------+-------+-------++-------
Melee: Unarmed           |   103 |   138 |   183 ||   424
       Kick              |    24 |    32 |    44 ||   100
       Headbutt          |     9 |    19 |    23 ||    51
       Punch             |     2 |     2 |     4 ||     8
 Cast: Beastly Appendage |    30 |    59 |    18 ||   107
       Ice Form          |       |       |     1 ||     1
  Use: Scroll            |     1 |     6 |     1 ||     8
       Potion            |       |     4 |     1 ||     5
 Stab: Sleeping          |     3 |     1 |     3 ||     7
Armor: Robe              |    20 |    37 |    32 ||    89
Dodge: Dodged            |    54 |    79 |   102 ||   235
Block: Other             |     7 |    18 |    30 ||    55

Table legend: (Time is in decaauts)
 A = Elapsed time spent in this place.
 B = Non-inter-level travel time spent in this place.
 C = Inter-level travel time spent in this place.
 D = Time resting spent in this place.
 E = Time spent auto-exploring this place.
 F = Levels seen in this place.
 G = Mean time per level.
                   A        B        C        D        E       F      G
               +--------+--------+--------+--------+--------+-----+--------+
         Total |   5630 |   5381 |    249 |    244 |   4034 |   7 |  804.3 |
       Dungeon |   5470 |   5221 |    249 |    244 |   3919 |   6 |  911.7 |
         Sewer |    159 |    159 |      0 |      0 |    115 |   1 |  159.0 |
               +--------+--------+--------+--------+--------+-----+--------+

Top non-repeatable levels by time:
     D:4: 1419 daAuts
     D:2: 965 daAuts
     D:5: 920 daAuts
     D:1: 891 daAuts
     D:3: 747 daAuts
     D:6: 525 daAuts
   Sewer: 159 daAuts
